 Dungeon Crawl Stone Soup version 0.24-a0-441-g27f0392e16 (webtiles) character file.

Game seed: 13058450138342840413

746 Ijustatesigmund the Skirmisher (level 7, -1/78 HPs)
             Began as an Ogre Hunter on June 18, 2019.
             Slain by an orc wizard
             ... wielding a +0 dagger
              (6 damage)
             ... on level 4 of the Dungeon on June 19, 2019.
             The game lasted 00:11:40 (7763 turns).

Ijustatesigmund the Skirmisher (Ogre Hunter)        Turns: 7763, Time: 00:11:41

Health: -1/78      AC:  4    Str: 22    XL:     7   Next: 77%
Magic:  7/7        EV: 10    Int: 12    God:
Gold:   204        SH:  0    Dex: 11    Spells: 6/6 levels left

rFire    + . .     SeeInvis .   a - +0 giant spiked club
rCold    . . .     Gourm    +   (shield currently unavailable)
rNeg     . . .     Faith    .   b - +0 robe
rPois    .         Spirit   .   (helmet restricted)
rElec    .         Reflect  .   j - +0 cloak
rCorr    .         Harm     .   (gloves unavailable)
MR       .....                  (boots unavailable)
Stlth    +.........             i - amulet of the gourmand
HPRegen  0.23/turn              g - ring of protection from fire
MPRegen  0.10/turn              (no ring)

@: mighty, flying
A: large, unfitting armour, tough skin 1
a: no special abilities


You were on level 4 of the Dungeon.
You were not hungry.

You visited 1 branch of the dungeon, and saw 5 of its levels.

You collected 204 gold pieces.

Inventory:

Hand Weapons
 a - a +0 giant spiked club (weapon)
Missiles
 c - 5 large rocks (quivered)
 k - 5 silver boomerangs
Armour
 b - a +0 robe (worn)
 j - a +0 cloak (worn)
Jewellery
 g - a ring of protection from fire (left hand)
 i - an amulet of the gourmand (around neck)
Scrolls
 d - a scroll of identify
 e - 2 scrolls of teleportation
 h - 2 scrolls of remove curse
Potions
 l - 2 potions of brilliance
Comestibles
 f - 8 rations


   Skills:
 + Level 7.4 Fighting
 * Level 5.7 Maces & Flails
 - Level 4.0 Throwing
 - Level 1.7 Dodging
 - Level 0.6 Stealth


You had 6 spell levels left.
You didn't know any spells.
Your spell library was empty.

Dungeon Overview and Level Annotations

Branches:
Dungeon (5/15)
 Temple: D:4-7

Altars:
Fedhas
Gozag
Kikubaaqudgha
Okawaru


Innate Abilities, Weirdness & Mutations

You are too large for most types of armour.
You have tough skin. (AC +1)


Message History

You feel very buoyant.
You fly up into the air.
The orc barely misses you. Something hits you.
* * * LOW HITPOINT WARNING * * *
It was a potion of might.
You feel very mighty all of a sudden. The orc hits you with a +0 flail.
* * * LOW HITPOINT WARNING * * *
Something hits you.
* * * LOW HITPOINT WARNING * * *
You closely miss something. Something hits you but does no damage.
The orc barely misses you.
You barely miss something. Something hits you but does no damage.
The orc hits you with a +0 flail.
* * * LOW HITPOINT WARNING * * *
Something hits you.
* * * LOW HITPOINT WARNING * * *
You miss something. The orc hits you with a +0 flail.
* * * LOW HITPOINT WARNING * * *
Something hits you.
You die...

#.# #.###............. #.# #.#
###....<...... ##########.# #.#
#.###.#.###. #..........# #.#
#.# #.#.# #.
#.####..##.####.#####.# #.#.# #.
#.####÷÷####..........###.#.# #.
#.#.......[####......<....#.# #.
#.#..).....# #{###########.# #.
#.#..####..####@###########.###.
#.'..# #..'...o................
#.'..# #..'.###################
#†#..####..### #.#........#
#.#........# #.####''####
#.......# #########


You could see an orc.

Vanquished Creatures
  A phantom (D:4)
  An ogre (D:4)
  A scorpion (D:4)
  3 hounds (D:4)
  An orc priest (D:3)
  Jessica (D:3)
  2 orc wizards (D:3)
  2 worker ants (D:4)
  A killer bee zombie (D:3)
  Robin (D:2)
  3 gnolls (D:3)
  7 adders
  A shadow imp (D:4)
  An ooze (D:4)
  3 worms
  4 dart slugs
  3 leopard geckos
  10 orcs
  3 ball pythons
  6 bats
  4 giant cockroaches
  11 hobgoblins
  23 jackals
  8 kobolds
  3 quokkas
  3 frilled lizards
  13 goblins
  A leopard gecko skeleton (D:4)
  12 rats
133 creatures vanquished.

Notes
Turn   | Place    | Note
-------+----------+-------------------------------------------
     0 | D:1      | Ijustatesigmund the Ogre Hunter began the quest for the
                  | Orb.
     0 | D:1      | Reached XP level 1. HP: 22/22 MP: 1/1
    40 | D:1      | Reached skill level 3 in Fighting
   595 | D:1      | Reached XP level 2. HP: 31/32 MP: 2/2
   862 | D:1      | Reached skill level 4 in Fighting
  1323 | D:1      | You fall into a shaft and drop 1 floor!
  1335 | D:2      | Reached XP level 3. HP: 40/40 MP: 3/3
  2131 | D:2      | Reached skill level 1 in Maces & Flails
  3342 | D:2      | Reached XP level 4. HP: 26/49 MP: 4/4
  3696 | D:2      | Reached skill level 5 in Fighting
  3892 | D:3      | Identified the +0 helmet "Uskeug" {MR+ Int+2}
  3892 | D:3      | Noticed Robin
  4089 | D:2      | Killed Robin
  4442 | D:3      | Reached XP level 5. HP: 41/57 MP: 5/5
  4584 | D:3      | Noticed Jessica
  4585 | D:3      | Killed Jessica
  4788 | D:3      | Reached XP level 6. HP: 11/67 MP: 6/6
  5159 | D:3      | Upgraded the game from 0.24-a0-439-g6dd8730de2 to
                  | 0.24-a0-441-g27f0392e16
  5206 | D:3      | Reached skill level 6 in Fighting
  5416 | D:3      | Found a blossoming altar of Fedhas.
  6072 | D:3      | Found an ancient bone altar of Kikubaaqudgha.
  6104 | D:3      | Found an iron altar of Okawaru.
  6482 | D:4      | Reached XP level 7. HP: 70/76 MP: 7/7
  6708 | D:4      | Reached skill level 5 in Maces & Flails
  7352 | D:4      | Found an opulent altar of Gozag.
  7375 | D:4      | Reached skill level 7 in Fighting
  7705 | D:5      | Entered Level 5 of the Dungeon
  7763 | D:4      | Slain by an orc wizard

Levels and vault maps discovered:
D:1:      ncdulo_smallfort, layout_basic
D:2:      layout_loops_corners, serial_bayou_pond_d, glass_columns_b
D:3:      layout_loops_corners, fedhas_altar_2, lemuel_doored_altar,
          kiku_gazebo_garden_becter, uniq_jessica, uniq_robin
D:4:      layout_loops_ring, nicolae_overflow_hidden_temple, first_ration,
          kennysheep_generic_room_6
D:5:      lemuel_insect_pit, layout_basic, lemuel_round_altar, temple_fountains,
          uniq_menkaure

Skill      XL: |  1  2  3  4  5  6  7 |
---------------+----------------------+-----
Fighting       | 3 4 5 6 7 |  7.4
Maces & Flails | 1 2 3 4 5 |  5.7
Throwing       | |  4.0
Dodging        | |  1.7
Stealth        | |  0.6

Action                   |  1- 3 |  4- 6 |  7- 9 || total
-------------------------+-------+-------+-------++-------
Melee: Short sword       |    78 |       |       ||    78
       Whip              |   117 |   288 |       ||   405
       Mace              |       |    10 |   100 ||   110
       Giant spiked club |       |       |    16 ||    16
Throw: Large rock        |       |    16 |    12 ||    28
       Throwing net      |       |     3 |       ||     3
  Use: Scroll            |     5 |     3 |     1 ||     9
       Potion            |       |     5 |     3 ||     8
 Stab: Sleeping          |     2 |     1 |       ||     3
       Held in net/web   |       |     1 |       ||     1
  Eat: Chunk             |     7 |    15 |     6 ||    28
Armor: Robe              |    44 |    94 |    43 ||   181
Dodge: Dodged            |   106 |   220 |    86 ||   412

Table legend:
 A = Non-vault XP
 B = Vault XP
 C = Vault XP percentage of total XP
 D = Non-vault monster count
 E = Vault monster count
 F = Vault count percentage of total count
                 A         B        C        D         E       F
            +---------+---------+-------+---------+---------+-------
      Total |     990 |      76 |   7.1 |     120 |      13 |   9.8
            +---------+---------+-------+---------+---------+-------
        D:1 |      38 |       0 |   0.0 |      20 |       0 |   0.0
        D:2 |      78 |      33 |  29.7 |      27 |      10 |  27.0
        D:3 |     291 |      37 |  11.3 |      40 |       1 |   2.4
        D:4 |     583 |       6 |   1.0 |      33 |       2 |   5.7
            +---------+---------+-------+---------+---------+-------
